 Dungeon Crawl Stone Soup version 0.24.0-1-gfbc8707 (webtiles) character file.

Game seed: 8044039272720088605, levelgen mode: deterministic

629 vhaine the Tainter (level 7, -6/55 HPs)
             Began as a Naga Venom Mage on Oct 29, 2019.
             Was a Believer of Sif Muna.
             Mangled by a worker ant (7 damage)
             ... on level 5 of the Dungeon.
             The game lasted 00:14:49 (5476 turns).

vhaine the Tainter (Naga Venom Mage)                Turns: 5476, Time: 00:14:49

Health: -6/55      AC:  5    Str: 10    XL:     7   Next: 48%
Magic:  10/10      EV: 13    Int: 17    God:    Sif Muna [**....]
Gold:   258        SH:  0    Dex: 12    Spells: 3/10 levels left

rFire    . . .     SeeInvis +   h - +0 whip
rCold    . . .     Gourm    .   (no shield)
rNeg     . . .     Faith    .   a - +0 robe
rPois    +         Spirit   .   t - +0 helmet
rElec    .         Reflect  .   i - +0 cloak
rCorr    .         Harm     .   (no gloves)
MR       .....                  (no barding)
Stlth    ++........             (no amulet)
HPRegen  0.18/turn              p - +3 ring of evasion
MPRegen  0.12/turn              (no ring)

@: lethally poisoned (-6 -> -8), very slow
A: large, see invisible, deformed body, poison resistance, slowness 2, slow
metabolism 1, spit poison 1, AC +2
a: Spit Poison, Channel Magic, Renounce Religion


You were on level 5 of the Dungeon.
You worshipped Sif Muna.
Sif Muna was pleased with you.
You were hungry.

You visited 1 branch of the dungeon, and saw 5 of its levels.

You collected 258 gold pieces.

Inventory:

Hand Weapons
 h - a +0 whip (weapon)
Armour
 a - a +0 robe (worn)
 i - a +0 cloak (worn)
 t - a +0 helmet (worn)
Jewellery
 o - an uncursed amulet of harm
 p - a +3 ring of evasion (left hand)
Wands
 m - a wand of random effects (20)
Scrolls
 b - 11 scrolls of identify
 d - 2 scrolls of fear {unknown}
 f - 3 scrolls of remove curse
 j - a scroll of enchant armour {unknown}
 k - 2 scrolls of amnesia {unknown}
 l - 2 scrolls of teleportation {unknown}
 r - a scroll of immolation {unknown}
 s - a scroll of enchant weapon {unknown}
Potions
 e - 2 potions of lignification
 g - 2 potions of curing
Comestibles
 c - 9 rations


   Skills:
 - Level 1.5 Dodging
 - Level 3.0 Stealth
 - Level 2.0 Spellcasting
 - Level 1.0 Conjurations
 + Level 10.9 Poison Magic


You had 3 spell levels left.
You knew the following spells:

 Your Spells              Type           Power        Failure   Level  Hunger
a - Sting                 Conj/Pois      ###.         1%          1    #......
b - Poisonous Vapours     Pois/Air       ###...       3%          2    ###....
c - Olgreb's Toxic Radia  Pois           #####...     2%          4    #####..

Your spell library contained the following spells:

 Spells                   Type           Power        Failure   Level  Hunger
 Mephitic Cloud           Conj/Pois/Air  ###.....     12%         3    ###....
 Venom Bolt               Conj/Pois      ###.......   43%         5    ######.


Dungeon Overview and Level Annotations

Branches:
Dungeon (5/15)             Temple (0/1) D:4

Altars:
Makhleb
Nemelex Xobeh
Sif Muna
Zin

Annotations:
D:3 1 runed translucent door, Grinder; ogel02's ghost, amateur DsAK
D:4 2 transporters, dialectric's ghost, novice VSFi


Innate Abilities, Weirdness & Mutations

You cannot wear boots.
Your serpentine skin is tough. (AC +2)
You have supernaturally acute eyesight. (SInv)
Armour fits poorly on your strangely shaped body.
Your system is resistant to poisons. (rPois)
You cover ground very slowly.
You have a slow metabolism.
You can spit poison.


Message History

Your resistance to elements expires.
The worker ant twitches its antennae in your direction.
There is a stone staircase leading up here.
You hit the phantom.
The phantom is moderately damaged.
The phantom hits you.
* * * LOW HITPOINT WARNING * * *
The phantom hits you.
* * * LOW HITPOINT WARNING * * *
The worker ant bites you.
* * * LOW HITPOINT WARNING * * *
The crimson imp blinks!
The worker ant bites you.
* * * LOW HITPOINT WARNING * * *
You are poisoned.
The worker ant poisons you! The worker ant bites you.
* * * LOW HITPOINT WARNING * * *
* * * LOW HITPOINT WARNING * * *
You feel sick. The worker ant bites you!
You die...

).....###.###...###.#.#
.. ...........######
#.#......
...#.......##...
#.##....
.....###...##...
#.##.####
.......#...##...
#ยง.......
##.###.#...##...
#<###.###
.....#.....##... ##.#
..
.###.#.....##...##..# .
.......##...@aW.#
..######...##..# ..#
#... #..# .# ###. #..#
.. .. ...# .# #.## ..
... .. #'#


You could see a phantom and a worker ant.

Vanquished Creatures
  Duvessa (D:4)
  A sky beast (D:3)
  Dowan (D:4)
  A centaur zombie (D:5)
  A bullfrog zombie (D:5)
  A centaur skeleton (D:5)
  2 orc wizards (D:5)
  Jessica (D:3)
  A worker ant (D:4)
  Robin (D:2)
  6 adders
  An ooze (D:2)
  An adder skeleton (D:4)
  2 worms
  4 dart slugs
  2 leopard geckos (D:3)
  10 orcs
  3 giant cockroaches
  22 goblins
  8 hobgoblins
  3 jackals (D:3)
  4 quokkas
  A ball python (D:3)
  6 bats
  5 frilled lizards
  3 kobolds
  5 rats
97 creatures vanquished.

Notes
Turn   | Place    | Note
-------+----------+-------------------------------------------
     0 | D:1      | vhaine the Naga Venom Mage began the quest for the Orb.
     0 | D:1      | Reached XP level 1. HP: 15/15 MP: 3/3
   312 | D:1      | Reached XP level 2. HP: 22/22 MP: 5/5
   501 | D:1      | Reached skill level 5 in Poison Magic
  1131 | D:2      | Reached XP level 3. HP: 19/28 MP: 4/6
  1263 | D:2      | Found a shimmering blue altar of Sif Muna.
  1335 | D:2      | Became a worshipper of Sif Muna the Loreminder
  1463 | D:2      | Reached skill level 6 in Poison Magic
  1595 | D:2      | Reached XP level 4. HP: 23/36 MP: 2/7
  1833 | D:2      | Noticed Robin
  1844 | D:2      | Reached * piety under Sif Muna
  1856 | D:2      | Killed Robin
  2116 | D:3      | Reached skill level 7 in Poison Magic
  2296 | D:3      | Reached XP level 5. HP: 33/42 MP: 5/8
  2311 | D:3      | Learned a level 2 spell: Poisonous Vapours
  2316 | D:3      | Learned a level 4 spell: Olgreb's Toxic Radiance
  2487 | D:3      | Found a runed translucent door.
  2487 | D:3      | Noticed ogel02's ghost (amateur DsAK)
  2584 | D:3      | Noticed a sky beast
  2593 | D:3      | Killed a sky beast
  2593 | D:3      | Reached skill level 8 in Poison Magic
  2593 | D:3      | Reached XP level 6. HP: 49/49 MP: 5/9
  2653 | D:3      | Reached ** piety under Sif Muna
  2807 | D:3      | Found a glowing silver altar of Zin.
  2992 | D:3      | Found a sparkling altar of Nemelex Xobeh.
  2992 | D:3      | Noticed Jessica
  3001 | D:3      | Killed Jessica
  3001 | D:3      | Reached skill level 9 in Poison Magic
  3428 | D:4      | Noticed Duvessa
  3428 | D:4      | Noticed Dowan
  3461 | D:4      | Killed Duvessa
  3483 | D:4      | Killed Dowan
  3483 | D:4      | Reached skill level 10 in Poison Magic
  3483 | D:4      | Reached XP level 7. HP: 14/55 MP: 0/10
  3797 | D:4      | Noticed Grinder
  3858 | D:4      | Found a transporter.
  3865 | D:4      | Noticed dialectric's ghost (novice VSFi)
  3868 | D:4      | Found a transporter.
  4186 | D:4      | Found a staircase to the Ecumenical Temple.
  4452 | D:4      | Found a burning altar of Makhleb.
  4495 | D:5      | Entered Level 5 of the Dungeon
  5475 | D:5      | HP: 1/55 [worker ant (3)]
  5476 | D:5      | Mangled by a worker ant

Levels and vault maps discovered:
D:1:      lordsloth_arrival_two_stooges, layout_loops_corners
D:2:      layout_basic, lemuel_blue_sif_altar, minmay_goblin_outpost, uniq_robin
D:3:      layout_loops_cross, marbit_many_paths, hellmonk_ghost_happy_afterlife,
          nemelex_lonely_heart_becter
D:4:      layout_loops_ring, lemuel_crystal_altar,
          minmay_temple_entry_glassed_door, first_ration, gammafunk_ghost_arena,
          dk_noncrumbling_4, uniq_duvessa, uniq_grinder
D:5:      layout_basic, lemuel_doored_altar, hangedman_abyss_or_decor_stabs,
          minivault_1, kennysheep_big_empty_room, minivault_25

Skill      XL: |  1  2  3  4  5  6 |
---------------+-------------------+-----
Poison Magic   | 5 6 7 8 10 | 10.9
Dodging        | |  1.5
Stealth        | |  3.0
Spellcasting   | |  2.0
Conjurations   | |  1.0

Action                   |  1- 3 |  4- 6 |  7- 9 || total
-------------------------+-------+-------+-------++-------
Melee: Whip              |    51 |    51 |   107 ||   209
       Unarmed           |     2 |       |       ||     2
 Cast: Sting             |    17 |    28 |       ||    45
       Poisonous Vapours |       |    31 |    13 ||    44
       Olgreb's Toxic Ra |       |       |     1 ||     1
 Abil: Spit Poison       |    22 |    17 |     1 ||    40
Evoke: Wand              |       |       |     2 ||     2
  Use: Scroll            |     1 |       |     1 ||     2
       Potion            |       |     3 |     2 ||     5
  Eat: Chunk             |     3 |     7 |       ||    10
       Ration            |       |       |     2 ||     2
Armor: Robe              |    10 |    11 |    33 ||    54
       Skin              |       |    13 |       ||    13
Dodge: Dodged            |    20 |    37 |    71 ||   128
